[Event "*** Titled Tuesday Blitz"]
[Site "Chess.com"]
[Date "2020.04.14"]
[Round "7"]
[White "VALPARAISO37"]
[Black "amiralfio"]
[Result "1-0"]
[WhiteElo "2379"]
[BlackElo "2526"]
[TimeControl "180+1"]
[EndTime "11:14:24 PDT"]
[Termination "VALPARAISO37 won by resignation"]

1. d4 Nf6 2. c4 e6 3. Nc3 Bb4 4.
a3 Bxc3+ 5. bxc3 b6 6. e3 Bb7 7. f3 d6 8. Bd3 c5 9. e4 e5 10.
Ne2 Nc6 11. Bg5 h6 12. Be3 Qd7 13. a4 Na5 14. Ng3 g6 15. O-O Ba6 16. Qe2 h5 17.
d5 h4 18. Nh1 O-O-O 19. Nf2 Nh5 20. Nh3 f6 21. Ra3 Kc7 22. f4 Rdf8 23. Kh1 Bc8 24.
fxe5 fxe5 25. Ng5 Qe7 26. Raa1 Nf4 27. Bxf4 exf4 28. Nf3 h3 29. Rg1 hxg2+ 30. Rxg2 Rh6 31. e5 dxe5 32. Rxg6 Rxg6 33. Bxg6 Kd6 34. Nd2 Bf5 35.
Ne4+ Kd7 36. Bxf5+ Rxf5 37. Qg4 Qf7 38. Ng3 fxg3 39.
Rf1 g2+ 40. Kxg2 Kd6 41. Rxf5 Qe7 42. Qg6+ Kc7 43. Rf7 1-0

[Event "*** Titled Tuesday Blitz"]
[Site "Chess.com"]
[Date "2020.04.14"]
[Round "7"]
[White "picturesquecheck"]
[Black "UmutErdemGunduz"]
[Result "0-1"]
[WhiteElo "2210"]
[BlackElo "2366"]
[TimeControl "180+1"]
[EndTime "11:14:24 PDT"]
[Termination "UmutErdemGunduz won by resignation"]

1. e4 e5 2. Nf3 Nc6 3. Bb5 a6 4. Ba4 Nf6 5. O-O Be7 6. Re1 b5 7. Bb3 O-O 8. h3 Bb7 9. a4 d5 10. exd5 Nxd5 11. axb5 axb5 12. Rxa8 Bxa8 13. Nxe5 Nxe5 14.
Rxe5 Nf4 15. f3 Bd6 16. Rxb5 Qh4 17. d4 Nxh3+ 18. gxh3 Qg3+ 19. Kf1 Qxh3+ 20. Kf2 Re8 21. Be3 Qh2+ 22. Kf1 Bc6 23. Rf5 Qh3+ 24. Kf2 Qxf5 25. Qd3 Qh3 26. Nd2 Qh2+ 27. Ke1 Bg3+ 28. Kd1 Qg1+ 29.
Nf1 Bxf3+ 30. Kd2 Qg2+ 31. Kc3 Be2 32. Qf5 Qxf1 33. Bxf7+ Kf8 34. Qxf1 Bxf1 35. Bxe8 Kxe8 36. Kd2 h5 37. b3 h4 38. Bg5 h3 39. c4 h2 0-1

[Event "*** Titled Tuesday Blitz"]
[Site "Chess.com"]
[Date "2020.04.14"]
[Round "7"]
[White "Fighter008"]
[Black "theblitzchamp"]
[Result "1-0"]
[WhiteElo "2545"]
[BlackElo "2666"]
[TimeControl "180+1"]
[EndTime "11:14:25 PDT"]
[Termination "Fighter008 won by resignation"]

1. e4 e5 2. Nf3 Nc6 3. Nc3 Nf6 4. Bb5 d6 5. d4 exd4 6. Nxd4 Bd7 7. Bg5 Be7 8. Qd2 Nxd4 9. Qxd4 Bxb5 10. Nxb5 Qd7 11. Nc3 Qg4 12. Be3 O-O 13. O-O Rfe8 14. h3 Qh5 15. f4 a6 16. a4 Rac8 17. Rae1 Nd7 18. Nd5 Nc5 19. Bc1 Bh4 20. Re3 c6 21. Nb6 Rcd8 22. b4 Ne6 23. Qd3 Bf6 24. c3 a5 25.
Kh1 axb4 26. cxb4 Bd4 27. a5 Bxe3 28. Bxe3 Nc7 29. Bd4 Ne6 30. Bb2 Qh6 31. Qg3 f6 32.
Nc4 d5 33. exd5 Rxd5 34. f5 Nd4 35. Nd6 Rd8 36. Nxb7 Nxf5 37. Rxf5 Rd1+ 38. Kh2 R8d2 39. Bxf6 Rd3 40. Qb8+ Kf7 41. Bg5+ Kg6 42. Bxh6 Kxf5 43. Qf4+ Ke6 44. Nc5+ Kd5 45. Nxd3 gxh6 46. Nf2 Rd4 47.
Qxd4+ Kxd4 1-0

[Event "*** Titled Tuesday Blitz"]
[Site "Chess.com"]
[Date "2020.04.14"]
[Round "7"]
[White "Harsha_Bharathakoti"]
[Black "FelixJoseYnojosa"]
[Result "1-0"]
[WhiteElo "2809"]
[BlackElo "2641"]
[TimeControl "180+1"]
[EndTime "11:14:26 PDT"]
[Termination "Harsha_Bharathakoti won by resignation"]

1. d4 Nf6 2. c4 e6 3. Nf3 d5 4. Nc3 c6 5. e3 Bd6 6. Qc2 O-O 7. Be2 dxc4 8. Bxc4 b5 9. Be2 a6 10. e4 Be7 11. O-O Bb7 12. e5 Nd5 13. Nxd5 Qxd5 14. Bd3 h6 15. Be4 Qd7 16. Be3 a5 17. Rac1 a4 18. a3 Rc8 19. Ne1 Na6 20. Nd3 b4 21.
axb4 Nxb4 22. Nxb4 Bxb4 23. Rfd1 Qe7 24. Ra1 a3 25.
bxa3 Rxa3 26. Rab1 Ba6 27. Rdc1 Rc3 28. Qd1 Rxc1 29.
Rxc1 Bb5 30. Qg4 Kf8 31. Bh7 Qd7 32. d5 Ba3 33. Bxh6 gxh6 34. Qg8+ Ke7 35. d6+ Bxd6 36. exd6+ Kf6 37. Qg3 e5 38. Qh4+ Ke6 39. Bf5+ Kxf5 40. Qh3+ 1-0

[Event "*** Titled Tuesday Blitz"]
[Site "Chess.com"]
[Date "2020.04.14"]
[Round "7"]
[White "druskacik"]
[Black "SergeiAza"]
[Result "1-0"]
[WhiteElo "2605"]
[BlackElo "2767"]
[TimeControl "180+1"]
[EndTime "11:14:26 PDT"]
[Termination "druskacik won by checkmate"]

1. e4 e5 2. Nf3 Nc6 3. Nc3 Nf6 4. d4 exd4 5. Nxd4 Bb4 6. Nxc6 bxc6 7. Bd3 O-O 8. O-O d5 9. exd5 Bg4 10. Be2 Bxe2 11. Nxe2 cxd5 12. Bg5 c6 13. Nd4 Rc8 14. Qf3 Re8 15. Rad1 Re5 16. Nf5 Re6 17. c4 Bf8 18. cxd5 cxd5 19. Ne3 Qb6 20. Bxf6 Rxf6 21. Qg4 Qe6 22.
Rxd5 Qxg4 23. Nxg4 Rb6 24. Rd2 a5 25. b3 a4 26.
bxa4 Rb4 27. Ne3 Rxa4 28. Rb1 g6 29. Nd5 Kg7 30. g3 Rca8 31. Rbb2 Ra3 32. Nc7 Rc8 33.
Rd7 Kg8 34. Nd5 h5 35. Kg2 Ra5 36. Rbb7 Rca8 37. Nf6+ Kg7 38. Rxf7+ Kh6 39. h4 g5 40. Ng8+ Kg6 41. Rf6# 1-0

[Event "*** Titled Tuesday Blitz"]
[Site "Chess.com"]
[Date "2020.04.14"]
[Round "7"]
[White "Stewie_89"]
[Black "Philosopherrr"]
[Result "1-0"]
[WhiteElo "2634"]
[BlackElo "2445"]
[TimeControl "180+1"]
[EndTime "11:14:26 PDT"]
[Termination "Stewie_89 won by resignation"]

1. e4 e5 2. Nf3 Nc6 3. Bb5 a6 4. Ba4 Nf6 5. d3 b5 6. Bb3 Be7 7. O-O O-O 8. Nbd2 d6 9. c3 Na5 10. Bc2 c5 11. Re1 Re8 12. Nf1 Nc6 13. h3 Bf8 14. Bg5 h6 15. Be3 d5 16. Ng3 d4 17. cxd4 Nxd4 18. Bxd4 cxd4 19. Bb3 g6 20. Rc1 Kg7 21. Nf1 Nh5 22. Kh2 Nf4 23. Ng1 Bd7 24.
g3 Ne6 25. Bd5 Rb8 26. Nd2 a5 27. Ngf3 Qf6 28. Kg2 Bd6 29. Bc6 Bxc6 30. Rxc6 Bb4 31. Qc2 a4 32. a3 Bf8 33. Rc1 h5 34. h4 Kg8 35. Ng5 Kg7 36. Ndf3 Rb7 37. Qd2 Kg8 38.
Qa5 Rbb8 39. Qa6 Bh6 40. Nxe6 fxe6 41. R1c2 Re7 42. R6c5 Bg7 43. Nxe5 g5 44. hxg5 Qxg5 45. Nc6 Qf6 46. Nxb8 1-0

[Event "*** Titled Tuesday Blitz"]
[Site "Chess.com"]
[Date "2020.04.14"]
[Round "7"]
[White "Haridaskesavan"]
[Black "I_like_Kasparov"]
[Result "0-1"]
[WhiteElo "2213"]
[BlackElo "2366"]
[TimeControl "180+1"]
[EndTime "11:14:26 PDT"]
[Termination "I_like_Kasparov won on time"]

1. e4 c5 2. c3 d5 3. exd5 Qxd5 4. d4 Nf6 5. Nf3 Bg4 6. Be2 e6 7. O-O Nc6 8. h3 Bh5 9. Be3 cxd4 10. cxd4 Be7 11.
Nc3 Qd6 12. Qb3 O-O 13. Rfd1 Nb4 14. Rac1 a6 15. Na4 b5 16. Nc5 Nbd5 17. Bd2 Nf4 18. Bxf4 Qxf4 19. Qe3 Qd6 20. Qe5 Qb6 21. Nd7 Nxd7 22.
Qxh5 Nf6 23. Qe5 Bd6 24. Qg5 h6 25. Qh4 Rac8 26. Ne5 Rxc1 27. Rxc1 Qa5 28. Qg3 Qd2 29. Qe3 Qxb2 30. Rc6 Bxe5 31. dxe5 Nd5 32. Qf3 Qb1+ 33. Bf1 Qxa2 34. g3 Qa1 35. Qe4 a5 36. Kg2 g6 37.
Bd3 Qa4 0-1

[Event "*** Titled Tuesday Blitz"]
[Site "Chess.com"]
[Date "2020.04.14"]
[Round "7"]
[White "VinzentSpitzl"]
[Black "YumiBear"]
[Result "1-0"]
[WhiteElo "2371"]
[BlackElo "2513"]
[TimeControl "180+1"]
[EndTime "11:14:27 PDT"]
[Termination "VinzentSpitzl won on time"]

1. e4 c6 2. Nf3 d5 3. Nc3 Bg4 4. h3 Bxf3 5. Qxf3 e6 6. g3 g6 7. Bg2 Bg7 8. O-O Ne7 9. Rd1 d4 10. Ne2 Nd7 11. g4 h5 12. d3 hxg4 13. hxg4 c5 14.
Qg3 Qb6 15. c3 Nc6 16. cxd4 Nxd4 17. Nxd4 Bxd4 18. Be3 Bxe3 19. Qxe3 Ne5 20. Qg3 Nc6 21. Rac1 Nd4 22. Qe5 Ke7 23. Rxc5 Nc6 24. Qc3 e5 25.
Rc1 Rad8 26. Rxe5+ Kf8 27. Rd5 Ke7 28. Rxd8 Rxd8 29. e5 Nd4 30. Qc7+ Rd7 31. Qxb6 axb6 32. Kf1 Ke6 33. f4 g5 34. f5+ Kxe5 35. Re1+ Kf4 36.
Re4+ Kg3 37. Re3+ Kf4 38. Kf2 1-0

[Event "*** Titled Tuesday Blitz"]
[Site "Chess.com"]
[Date "2020.04.14"]
[Round "7"]
[White "SaguriGuerra"]
[Black "kasparicy"]
[Result "1/2-1/2"]
[WhiteElo "2519"]
[BlackElo "2346"]
[TimeControl "180+1"]
[EndTime "11:14:27 PDT"]
[Termination "Game drawn by agreement"]

1. e4 c5 2. Nf3 d6 3. d4 cxd4 4. Nxd4 Nf6 5. Nc3 a6 6. Bg5 Nbd7 7. f4 e6 8. Qf3 Qc7 9. O-O-O Be7 10. Bd3 h6 11. Bh4 g5 12. fxg5 Ne5 13. Qe2 Nfg4 14. Nf3 hxg5 15. Bg3 Bd7 16. h3 Nxf3 17. hxg4 Rxh1 18.
Rxh1 Ne5 19. Rh8+ Bf8 20. Bxe5 dxe5 21. Qe3 O-O-O 22. Qxg5 Bc6 23. Kb1 Be7 24. Rxd8+ Bxd8 25. Qe3 Kb8 26. Ne2 Qe7 27. Qh6 Ka7 28. Ng1 Bb6 29. Nf3 Qb4 30. Qd2 Qf8 31. Nxe5 Be8 32. Nc4 Bc5 33.
e5 Bc6 34. c3 Qh8 35. b4 Qh1+ 36. Kb2 Bg1 37. Bf1 Bd5 38. Ne3 Bxe3 39. Qxe3+ Kb8 40. Qf4 Bxg2 41. Bd3 Bd5 42. Bc2 Qg2 43. c4 Bf3 44. b5 axb5 45. cxb5 Qxg4 46. Qxg4 Bxg4 47. Kc3 Kc7 48.
Kd4 b6 49. a4 Kd7 50. Ke3 Ke7 51.
Kf4 Be2 52. Bb3 f6 53. exf6+ Kxf6 54. Ke4 1/2-1/2

[Event "*** Titled Tuesday Blitz"]
[Site "Chess.com"]
[Date "2020.04.14"]
[Round "7"]
[White "Everyfishknows"]
[Black "Duong57"]
[Result "0-1"]
[WhiteElo "2343"]
[BlackElo "2223"]
[TimeControl "180+1"]
[EndTime "11:14:27 PDT"]
[Termination "Duong57 won by checkmate"]

1. d4 d5 2. c4 e6 3. Nf3 c6 4. Qc2 Nf6 5. g3 dxc4 6. Qxc4 b5 7. Qc2 Bb7 8. Bg2 Nbd7 9. a4 a6 10. Nc3 Be7 11. O-O O-O 12. Rd1 Rc8 13. e4 b4 14. Ne2 c5 15. d5 exd5 16. exd5 Bxd5 17. Nf4 Be4 18. Qe2 Qb6 19. a5 Qb7 20. b3 Rfe8 21. Bb2 Bf8 22. h4 Bd5 23. Qd3 Be4 24. Qe2 Bd5 25. Qd3 c4 26. bxc4 Bxc4 27. Qd4 Bc5 28. Qxc4 Bxf2+ 29. Kxf2 Rxc4 30. Nd4 Qa7 31. Kg1 Rc2 32.
Rab1 Ne5 33. Kh2 Neg4+ 34. Kh3 Nf2+ 35. Kh2 Nxd1 36. Rxd1 Rxb2 37. Nf5 Ng4+ 38. Kh3 Nf2+ 39. Kh2 Ng4+ 40. Kh3 h5 41. Nxh5 Nf2+ 42. Kh2 Nxd1 43.
Nfxg7 Qf2 44. Nf4 Re1 45. Kh3 Ne3 46. Ngh5 Rh1+ 47. Bxh1 Qh2# 0-1

[Event "*** Titled Tuesday Blitz"]
[Site "Chess.com"]
[Date "2020.04.14"]
[Round "7"]
[White "H3nriqueTV"]
[Black "littleozy"]
[Result "0-1"]
[WhiteElo "2221"]
[BlackElo "2406"]
[TimeControl "180+1"]
[EndTime "11:14:27 PDT"]
[Termination "littleozy won by resignation"]

1. b3 a6 2. Bb2 b5 3. e4 Bb7 4. d3 Nf6 5. f4 g6 6. Nf3 Bg7 7. Be2 O-O 8. O-O c5 9. Nbd2 c4 10. bxc4 Ng4 11. Bxg7 Ne3 12. Qe1 Kxg7 13. Qh4 Nxf1 14.
Nxf1 bxc4 15. Ng3 Qb6+ 16. Kh1 Qf6 17. Qxf6+ Kxf6 18. Rb1 Ra7 19. d4 Nc6 20. Bxc4 Rc8 21. Bd3 d6 22. e5+ dxe5 23. fxe5+ Kg7 24. Rf1 Nd8 25. Ne4 Bd5 26. Nfg5 h6 27. Nh3 Bxa2 28.
Nf4 Bc4 29. d5 Bxd3 30. cxd3 a5 31. d6 a4 32. Nd5 exd6 33. exd6 a3 34. Ra1 f5 35.
Nec3 Ra5 36. h3 Rc6 37. Nb4 Rxd6 38. Nc2 Rc6 39. Rxa3 Rxa3 40. Nxa3 Rxc3 41. Nb5 Rxd3 0-1

[Event "*** Titled Tuesday Blitz"]
[Site "Chess.com"]
[Date "2020.04.14"]
[Round "7"]
[White "Rsnr"]
[Black "jacky72"]
[Result "0-1"]
[WhiteElo "2855"]
[BlackElo "2709"]
[TimeControl "180+1"]
[EndTime "11:14:28 PDT"]
[Termination "jacky72 won on time"]

1. d4 d5 2. c4 c6 3. Nf3 Nf6 4.
Nc3 a6 5. cxd5 cxd5 6. Bf4 Nc6 7.
Ne5 e6 8. e3 Be7 9. Bd3 O-O 10.
O-O Nxe5 11. dxe5 Nd7 12. Qf3 b5 13. Qh3 g6 14. Ne2 Bb7 15. Nd4 Nc5 16. Bc2 Bg5 17. Qg4 Bxf4 18. exf4 Kh8 19. Qe2 Rc8 20. Rac1 Qb6 21.
Qe3 Ne4 22. Rfd1 b4 23. Bxe4 dxe4 24. Nf5 Qxe3 25. Nxe3 Bd5 26. b3 a5 27. Kf1 a4 28.
Rxc8 Rxc8 29. Nxd5 exd5 30. Rxd5 Rc2 31. Rd4 Rxa2 32. Rxb4 a3 33. Ra4 Kg7 34. g3 h5 35.
h4 Kf8 36. Rxe4 Rb2 37. Ra4 Rxb3 38. Ra7 Ke8 39. Ke2 Rc3 40. Kd2 Rf3 41. Ke2 Rb3 42. Ra6 Ke7 43. Ra7+ Ke6 44. Ra6+ Kd5 45. Ra7 Rb2+ 46.
Kf3 a2 47. Ra4 Kc5 48. Ra7 Kb4 49.
g4 Rb3+ 50. Ke4 Ra3 0-1

[Event "*** Titled Tuesday Blitz"]
[Site "Chess.com"]
[Date "2020.04.14"]
[Round "7"]
[White "Mfcyryd"]
[Black "Incognito_Knight"]
[Result "1-0"]
[WhiteElo "2512"]
[BlackElo "2745"]
[TimeControl "180+1"]
[EndTime "11:14:28 PDT"]
[Termination "Mfcyryd won on time"]

1. e4 c5 2. Nf3 e6 3. d4 cxd4 4.
Nxd4 a6 5. g3 b5 6. Bg2 Bb7 7.
O-O Qc7 8. a4 b4 9. c4 d6 10. b3 Nf6 11. Re1 Nbd7 12. h3 Be7 13. Nd2 O-O 14. a5 Nc5 15. Re3 Rfe8 16. Bb2 Bf8 17.
Qc2 Rac8 18. Qb1 d5 19. exd5 exd5 20. Nf5 Nce4 21. Nxe4 Nxe4 22. cxd5 Nc3 23. Qd3 Rxe3 24. Nxe3 Rd8 25. Bxc3 bxc3 26. Nc4 Bb4 27. d6 Bxd6 28. Qxc3 Bxg2 29. Kxg2 Bc5 30. Rc1 Qb7+ 31. Qf3 Qe7 32. Nb6 g6 33. Nd5 Qf8 34. Rd1 Bd6 35. Qd3 Be5 36.
Qxa6 1-0

[Event "*** Titled Tuesday Blitz"]
[Site "Chess.com"]
[Date "2020.04.14"]
[Round "7"]
[White "grzechu96"]
[Black "Kiborg95"]
[Result "1-0"]
[WhiteElo "2606"]
[BlackElo "2767"]
[TimeControl "180+1"]
[EndTime "11:14:28 PDT"]
[Termination "grzechu96 won by resignation"]

1. e4 d6 2. d4 Nf6 3. Nc3 e5 4. Nf3 Nbd7 5. Bc4 Be7 6. a4 O-O 7. O-O c6 8. Re1 h6 9. h3 Re8 10. Be3 exd4 11. Bxd4 Nf8 12. Qd2 Be6 13. Bf1 N6d7 14.
Be3 Ne5 15. Nd4 Bc4 16. b3 Bxf1 17. Rxf1 Qa5 18. Nf5 Nfg6 19. Rad1 Bf8 20. f3 Rad8 21. h4 Ne7 22. Nxe7+ Bxe7 23. Nd5 Qxd2 24. Nxe7+ Rxe7 25. Rxd2 a6 26. Rfd1 d5 27. Bc5 Red7 28. Bb6 Rc8 29. exd5 cxd5 30. Rxd5 Rxd5 31. Rxd5 f6 32. Rd8+ Rxd8 33.
Bxd8 h5 34. Kf2 Kf7 35. Ke3 Ke6 36. Bc7 Nc6 37. Bg3 Nb4 38. c3 Nc6 39. Kd3 b5 40. axb5 axb5 41. Be1 Kd5 42. c4+ bxc4+ 43. bxc4+ Kc5 44.
Kc3 g6 45. Bf2+ Kd6 46. Bd4 Ke6 47. Kd3 Kd6 48. Bxf6 1-0

[Event "*** Titled Tuesday Blitz"]
[Site "Chess.com"]
[Date "2020.04.14"]
[Round "7"]
[White "MathiasWomacka"]
[Black "francyIM"]
[Result "1/2-1/2"]
[WhiteElo "2455"]
[BlackElo "2625"]
[TimeControl "180+1"]
[EndTime "11:14:28 PDT"]
[Termination "Game drawn by repetition"]

1. e4 e5 2. Nf3 Nc6 3. Bc4 Bc5 4.
O-O Nf6 5. d3 a6 6. c3 Ba7 7. Nbd2 O-O 8. h3 d6 9. Bb3 h6 10. Re1 Re8 11. Nf1 Be6 12. Be3 Bxe3 13. Nxe3 d5 14. exd5 Nxd5 15. Nc4 Nf4 16. Ncxe5 Nxe5 17. Rxe5 Nxd3 18. Re2 Nf4 19. Rd2 Qf6 20. Bxe6 Rxe6 21. Kh2 Rae8 22. g3 Ne2 23. Kg2 g5 24. Qb3 b5 25. a4 Qf5 26. axb5 axb5 27. Ra7 c6 28. Qb4 Re4 29. Qd6 g4 30. hxg4 Qxg4 31. Nh2 Nf4+ 32. Qxf4 Rxf4 33. Nxg4 Rxg4 34. Rd6 Rg6 35. Rxg6+ fxg6 36. Rc7 Re6 37. f4 h5 38.
Kf3 Kf8 39. g4 hxg4+ 40. Kxg4 Ke8 41. Kg5 Kf8 42. b4 Kg8 43. Kg4 Kf8 44. Kg5 Kg8 45.
Kg4 Kf8 46. Kg5 1/2-1/2

[Event "*** Titled Tuesday Blitz"]
[Site "Chess.com"]
[Date "2020.04.14"]
[Round "7"]
[White "allvim"]
[Black "dragos420"]
[Result "0-1"]
[WhiteElo "2291"]
[BlackElo "2510"]
[TimeControl "180+1"]
[EndTime "11:14:28 PDT"]
[Termination "dragos420 won on time"]

1. e4 e5 2. Nf3 Nc6 3. Bc4 Nf6 4. O-O h6 5. d4 exd4 6. e5 d5 7. Bb5 Ne4 8. Nxd4 Bd7 9. Bxc6 bxc6 10. Nc3 Nxc3 11.
bxc3 Be7 12. Re1 c5 13. e6 cxd4 14. exd7+ Qxd7 15. Ba3 O-O 16. Bxe7 Rfe8 17. Bh4 dxc3 18. Qd3 d4 19. Rad1 c5 20. Qc4 Qf5 21. Qb3 Rac8 22. Bg3 Qd7 23. Rxe8+ Rxe8 24. h3 Qe6 25. Qb5 Qe2 26. Qb1 h5 27. f3 Qc4 28. Re1 Rxe1+ 29. Bxe1 g6 30. Bf2 a5 31. Qb8+ Kg7 32. Bg3 Qe6 33. Qe5+ Kg8 34. Qxe6 fxe6 35. Bd6 c4 36. Kf2 d3 37. cxd3 cxd3 0-1

[Event "*** Titled Tuesday Blitz"]
[Site "Chess.com"]
[Date "2020.04.14"]
[Round "7"]
[White "BabyFacedAssasin"]
[Black "MPGM"]
[Result "1-0"]
[WhiteElo "2295"]
[BlackElo "2447"]
[TimeControl "180+1"]
[EndTime "11:14:29 PDT"]
[Termination "BabyFacedAssasin won by resignation"]

1. e4 e5 2. Nf3 Nc6 3. Bc4 Bc5 4. c3 Nf6 5. d4 exd4 6. cxd4 Bb4+ 7.
Nbd2 d5 8. exd5 Nxd5 9. O-O O-O 10. a3 Be7 11. h3 Nb6 12. Ba2 Nxd4 13. Ne4 c5 14. b4 Nxf3+ 15. Qxf3 cxb4 16. Rd1 Qe8 17. axb4 Be6 18. Bb1 f5 19. Nc5 Bxc5 20. bxc5 Nd7 21.
Bb2 Qf7 22. c6 bxc6 23. Qxc6 Rfc8 24. Qf3 Rab8 25. Bd4 Bd5 26. Qg3 Rb7 27. Bxf5 Rcc7 28. Bxg7 Qxg7 29. Qxg7+ Kxg7 30. Rxd5 Nf6 31. Rd6 Ne8 32.
Rd2 Re7 33. Rad1 Nf6 34. g4 h6 35. f4 Rb4 36. g5 hxg5 37. fxg5 Nh5 38. Rd7 Kf8 39. g6 Rxd7 40. Rxd7 Rb5 41. Bg4 Nf6 42. g7+ Kg8 43. Be6+ Kh7 44. g8=Q+ 1-0

[Event "*** Titled Tuesday Blitz"]
[Site "Chess.com"]
[Date "2020.04.14"]
[Round "7"]
[White "ChessFunMaker"]
[Black "Kirill_Klukin"]
[Result "0-1"]
[WhiteElo "2376"]
[BlackElo "2692"]
[TimeControl "180+1"]
[EndTime "11:14:30 PDT"]
[Termination "Kirill_Klukin won by checkmate"]

1. c4 e5 2. g3 Nf6 3. Bg2 d5 4. cxd5 Nxd5 5. Nf3 Nc6 6. O-O Be7 7. d4 exd4 8. Nxd4 O-O 9. Nxc6 bxc6 10. Qc2 Bb7 11. a3 a5 12. Rd1 Qc8 13. e4 Nb6 14. Bf4 a4 15. Nd2 Ra5 16. e5 Nd5 17. Nc4 Rc5 18.
Qxa4 Nxf4 19. gxf4 h6 20. Rac1 Rd8 21. Na5 Rxd1+ 22.
Rxd1 Qa8 23. b4 Rc3 24. h3 Bh4 25. Rd7 Qa7 26. Rd2 Rc1+ 27. Kh2 Bxf2 28. Rc2 Bg1+ 29.
Kg3 Qe3+ 30. Bf3 Qe1+ 31. Kg2 Ba6 32. Nc4 Bb5 33. Qa8+ Kh7 34. Rxc1 Qxc1 35. Na5 Qf1+ 36. Kg3 Bf2+ 37. Kg4 Qg1+ 38. Kf5 Qg6# 0-1

[Event "*** Titled Tuesday Blitz"]
[Site "Chess.com"]
[Date "2020.04.14"]
[Round "7"]
[White "Trankuilizer"]
[Black "ajian"]
[Result "1/2-1/2"]
[WhiteElo "2613"]
[BlackElo "2383"]
[TimeControl "180+1"]
[EndTime "11:14:30 PDT"]
[Termination "Game drawn by agreement"]

1. e4 c5 2. c3 d5 3. exd5 Qxd5 4. d4 Nf6 5. Nf3 Nc6 6. Be3 Ng4 7. c4 Qe4 8. Nc3 Nxe3 9. Nxe4 Nxd1 10. Rxd1 cxd4 11. Nxd4 Nxd4 12. Rxd4 e5 13. Rd3 Bb4+ 14. Nc3 O-O 15. Be2 Be6 16. Re3 f6 17. O-O Rfd8 18. Nd5 Bc5 19. Rb3 Bxd5 20. cxd5 b6 21. Bb5 Rd6 22. Bc6 Rc8 23. g3 Kf8 24. Kg2 Bd4 25.
h4 Ke7 26. a4 Rcxc6 27. dxc6 Rxc6 28. a5 Rc2 29. axb6 axb6 30. h5 Rxb2 31. Rxb2 Bxb2 32.
Kf3 Bd4 33. Ke4 Ke6 34. g4 g6 35. f4 f5+ 36. gxf5+ gxf5+ 37. Kd3 Bc5 38. fxe5 Kxe5 39.
Ra1 Kf6 40. Ra7 h6 41. Ke2 Kg5 42. Rf7 f4 43. Kf3 Be3 44. Rg7+ Kxh5 45. Rg2 Kh4 46. Rg4+ Kh5 47. Rg7 Kh4 48. Rg8 Kh5 49. Rg2 Kh4 1/2-1/2

[Event "*** Titled Tuesday Blitz"]
[Site "Chess.com"]
[Date "2020.04.14"]
[Round "7"]
[White "124chess"]
[Black "benko_008"]
[Result "1-0"]
[WhiteElo "2636"]
[BlackElo "2462"]
[TimeControl "180+1"]
[EndTime "11:14:31 PDT"]
[Termination "124chess won by resignation"]

1. c4 e6 2. d4 d5 3. Nc3 Nf6 4. cxd5 exd5 5. Bg5 Be7 6. e3 c6 7. Bd3 O-O 8. Nf3 Nbd7 9. Qc2 Re8 10. O-O h6 11. Bh4 Nh5 12. Bxe7 Rxe7 13. Rab1 Nhf6 14. b4 a6 15. a4 Nb6 16. b5 cxb5 17. axb5 a5 18. Rfc1 Be6 19. Na4 Nxa4 20. Qxa4 Nd7 21. h3 Nb6 22. Qa3 Rc7 23. Rxc7 Qxc7 24. Rc1 Qd8 25. Ne5 Rc8 26. Rc5 Qf8 27. Rxc8 Qxc8 28.
Qxa5 Nc4 29. Qc3 Nxe5 30. Qxc8+ Bxc8 31. dxe5 b6 32. Kf1 Kf8 33. Ke2 Ke7 34. Kd2 Ke6 35.
f4 f6 36. exf6 Kxf6 37. Kc3 Ke6 38. Kd4 Kd6 39. g4 Bd7 40. f5 Be8 41. Be2 Bd7 42. Bd3 Be8 43. h4 Bd7 44. g5 hxg5 45. hxg5 Be8 46.
Bf1 Bd7 47. f6 gxf6 48. gxf6 Ke6 49. Bh3+ Kd6 50. Bxd7 Kxd7 51. Kxd5 1-0

[Event "*** Titled Tuesday Blitz"]
[Site "Chess.com"]
[Date "2020.04.14"]
[Round "7"]
[White "Faqade"]
[Black "kuba2006"]
[Result "1-0"]
[WhiteElo "2637"]
[BlackElo "2474"]
[TimeControl "180+1"]
[EndTime "11:14:31 PDT"]
[Termination "Faqade won by checkmate"]

1. e4 e5 2. Nf3 Nc6 3. Bc4 Nf6 4. d3 Bc5 5. a4 d6 6. c3 a6 7. Na3 O-O 8. Bg5 Qe7 9. Nc2 Ba7 10. Ne3 Be6 11. Nh4 Bxe3 12. fxe3 Bxc4 13. dxc4 Qe6 14. Bxf6 Qxf6 15. Nf5 g6 16. Nh6+ Kh8 17. Ng4 Qe6 18. b3 f5 19. Nf2 fxe4 20. O-O Qf5 21. Qc2 Qg5 22. Qe2 Qh4 23. g3 Qe7 24. Nxe4 Rf5 25. g4 Rf7 26. Rxf7 Qxf7 27. Rf1 Qe7 28. Qf3 Kg7 29. g5 Rf8 30. Qh3 Rxf1+ 31. Kxf1 Qf7+ 32. Ke2 Ne7 33. Nf6 h5 34. gxh6+ Kh8 35. Ne4 Nf5 36.
Qg4 Qe6 37. Qg5 Kh7 38. Nf6+ Kh8 39. Nd5 c6 40. Qd8+ Kh7 41. Nf6+ Kxh6 42. Qh8+ Kg5 43. Ne4+ Kg4 44. h3# 1-0

[Event "*** Titled Tuesday Blitz"]
[Site "Chess.com"]
[Date "2020.04.14"]
[Round "7"]
[White "gixfantastix"]
[Black "DDTerziev04"]
[Result "0-1"]
[WhiteElo "2071"]
[BlackElo "2262"]
[TimeControl "180+1"]
[EndTime "11:14:31 PDT"]
[Termination "DDTerziev04 won on time"]

1. e4 e6 2. d4 d5 3. Nc3 Bb4 4.
e5 c5 5. a3 Ba5 6. Qg4 Ne7 7.
Qxg7 Rg8 8. Qxh7 cxd4 9. b4 dxc3 10. bxa5 Qxa5 11. h4 Nbc6 12. Nf3 Bd7 13. h5 O-O-O 14.
h6 Ng6 15. Qxf7 Ngxe5 16. Nxe5 Nxe5 17. Qe7 Qb6 18. Qb4 Qc7 19. Be3 Ng4 20. Bxa7 Qe5+ 21. Be2 Rgf8 22. Qc5+ Bc6 23. h7 Nxf2 24. Qxf2 Rxf2 25.
Bxf2 Qf5 26. h8=Q Rxh8 27. Rxh8+ Kc7 28. Bd3 Qe5+ 29. Kf1 Qg5 30. Rh7+ Kd6 31. a4 d4 32. Rh2 Qf4 33. Kg1 Qg5 34. Rf1 Qd2 35. Bg3+ Kc5 36. Bf2 Qg5 0-1

[Event "*** Titled Tuesday Blitz"]
[Site "Chess.com"]
[Date "2020.04.14"]
[Round "7"]
[White "DraskovicL"]
[Black "Cayse"]
[Result "0-1"]
[WhiteElo "2563"]
[BlackElo "2728"]
[TimeControl "180+1"]
[EndTime "11:14:32 PDT"]
[Termination "Cayse won by resignation"]

1. d3 d5 2. Nf3 Nf6 3. Nc3 d4 4.
Ne4 Nxe4 5. dxe4 Nc6 6. e3 e5 7. exd4 exd4 8. Bc4 Be7 9. O-O O-O 10. h3 Bf6 11. Bf4 Be6 12. Qe2 Re8 13. Rfe1 Bf5 14. Qd3 Bg6 15. a3 Na5 16. Ba2 c5 17. b4 cxb4 18.
axb4 Nc6 19. Rab1 a5 20. bxa5 Rxa5 21. Bc4 Rc5 22. Rb5 Qe7 23. Qb3 Na5 24. Rxa5 Rxa5 25. e5 Ra3 26. Qb5 Rxf3 27. gxf3 Bg5 28. Bg3 Bxc2 29.
f4 Bh6 30. Bh4 Qf8 31. Qxb7 d3 32. Qd5 Bxf4 33. Bxd3 Bxd3 34. Qxd3 Bxe5 35. Kg2 Re6 36. Bg3 Qa8+ 37. Kg1 Bxg3 38. Rxe6 Bxf2+ 39. Kxf2 fxe6 40. Qd7 Qf8+ 41. Kg2 Qa8+ 42. Kf2 Qa2+ 43. Kg1 h6 44. Qe8+ Kh7 45. Qf7 Qd5 46. Qf4 Qf5 47. Qd4 e5 0-1

[Event "*** Titled Tuesday Blitz"]
[Site "Chess.com"]
[Date "2020.04.14"]
[Round "7"]
[White "RD4ever"]
[Black "wild_cat99"]
[Result "0-1"]
[WhiteElo "2831"]
[BlackElo "2570"]
[TimeControl "180+1"]
[EndTime "11:14:32 PDT"]
[Termination "wild_cat99 won by resignation"]

1. e4 c5 2. Nf3 d6 3. d4 cxd4 4. Nxd4 Nf6 5. Nc3 a6 6. Bd3 b5 7. Nd5 e6 8. Nxf6+ Qxf6 9. O-O Nd7 10. Be3 Bb7 11. a4 bxa4 12. Rxa4 Nc5 13. Rb4 Bxe4 14. Nxe6 fxe6 15. Bxe4 Nxe4 16. Rxe4 Be7 17. Rf4 Qe5 18. Qf3 Qd5 19. Qxd5 exd5 20. Rd1 Rf8 21. Rxd5 Rxf4 22. Bxf4 Rb8 23. b3 Kd7 24. Kf1 Ke6 25. Ra5 Rb6 26. Ke2 g6 27. Be3 Rc6 28. c4 Bd8 29. Ra2 a5 30. Kd3 Rc8 31. Bd2 Rb8 32. Kc2 d5 33.
cxd5+ Kxd5 34. Bxa5 Ra8 35. b4 Kc4 36. Kb2 Be7 37.
Ra1 Bf6+ 38. Kb1 Bxa1 39. Kxa1 Re8 40. Bb6 Re2 41. Kb1 Kc3 42. Bc5 h5 43. h4 Re4 44. g3 Re2 45. b5 Rb2+ 46. Kc1 Rxb5 47. Be3 Kd3 48. Bf4 Ra5 49. Be3 Ra2 50. Bb6 Ke4 51. Kb1 Re2 52. Kc1 Kf3 53. Kd1 Rxf2 0-1